 Dungeon Crawl Stone Soup version 0.25.1-2-g60ff931df9 (webtiles) character file.

Game seed: 1344374835802975138

1869 MajorAdolf the Cleaver (level 9, -15/129 HPs)
             Began as a Naga Wanderer on Oct 8, 2020.
             Was an Initiate of Gozag.
             Demolished by an orc warlord
             ... wielding a +3 long sword of holy wrath
              (17 damage)
             ... in a bailey.
             The game lasted 00:16:32 (7050 turns).

MajorAdolf the Cleaver (Naga Wanderer)              Turns: 7050, Time: 00:16:32

Health: -15/129    AC: 24    Str: 21    XL:     9   Next: 13%
Magic:  0/9        EV:  1    Int: 11    God:    Gozag
Gold:   844        SH:  8    Dex:  9    Spells: 8/8 levels left

rFire    . . .     SeeInvis +   y - +0 hand axe (elec)
rCold    . . .     Gourm    .   (no shield)
rNeg     + + +     Faith    .   (armour currently unavailable)
rPois    +         Spirit   +   (helmet currently unavailable)
rElec    .         Reflect  .   (cloak currently unavailable)
rCorr    .         Harm     .   (gloves currently unavailable)
MR       +....     NoTele   +   (no barding)
Stlth    +.........             j - brooch of Shielding {Spirit SH+8}
HPRegen  0.31/turn              (no ring)
MPRegen  0.11/turn              (no ring)

@: mighty, short of breath, tree-form (expiring)
A: large, see invisible, slow metabolism 1, spit poison 1, AC +3
a: Spit Poison, Potion Petition, Call Merchant, Bribe Branch, Renounce Religion


You were in a bailey.
You worshipped Gozag.
Gozag was pleased with you.
You were not hungry.
You were a tree.
You visited 1 branch of the dungeon, and saw 7 of its levels.
You also visited: Sewer and Bailey.

You collected 1056 gold pieces.
You spent 165 gold pieces at shops.
You paid 47 gold pieces to Gozag.

Inventory:

Hand Weapons
 a - a +0 shortbow
 o - a +0 hand axe
 y - a +0 hand axe of electrocution (weapon)
 E - a +0 broad axe
Missiles
 c - 49 arrows
Armour
 b - a +2 scale mail (melded)
 k - a +0 helmet (melded)
 n - a +0 pair of gloves (melded)
 B - a +0 plate armour
Jewellery
 j - the brooch of Shielding (around neck) {Spirit SH+8}
   (You found it in a sewer)

   [amulet of guardian spirit]

   It causes incoming damage to be split between your health and magic.
   It affects your SH (+8).
Wands
 r - a wand of iceblast (11)
Scrolls
 e - 4 scrolls of identify
 g - a scroll of teleportation
 i - a scroll of vulnerability {unknown}
 l - 2 scrolls of enchant armour {unknown}
 q - a scroll of enchant weapon {unknown}
 t - 2 scrolls of random uselessness {unknown}
 w - a scroll of remove curse {unknown}
 x - 3 scrolls of fear {unknown}
 D - 2 scrolls of blinking {unknown}
 G - a scroll of acquirement {unknown}
Potions
 d - a potion of magic {unknown}
 h - 4 potions of stabbing
 p - a potion of haste
 s - a potion of flight
 v - a potion of cancellation {unknown}
 z - 2 potions of degeneration {unknown}
 F - a potion of experience {unknown}
Comestibles
 f - 11 rations


   Skills:
 - Level 7.0 Fighting
 + Level 9.2 Axes
   Level 1.0(5.8) Maces & Flails
 - Level 4.1 Armour
 - Level 1.5 Stealth
 - Level 1.0 Evocations


You had 8 spell levels left.
You didn't know any spells.
Your spell library was empty.

Dungeon Overview and Level Annotations

Branches:
Dungeon (7/15)              Sewer (visited)          Bailey (1/1)
 Temple: D:4-7

Altars:
Cheibriados
Gozag
Hepliaklqana
Nemelex Xobeh
Qazlal
Ru

Shops:
D:4 }


Innate Abilities, Weirdness & Mutations

You cannot wear boots.
((Your serpentine skin is tough. (AC +3)))
You have supernaturally acute eyesight. (SInv)
((Armour fits poorly on your strangely shaped body.))
((Your system is resistant to poisons. (rPois)))
((You cover ground very slowly.))
You have a slow metabolism.
You can spit poison.


Message History

You miss the orc warrior.
The orc no longer looks unusually strong.
The orc warlord hits you with a +3 long sword of holy wrath.
* * * LOW HITPOINT WARNING * * *
The orc warrior hits you with a +0 war axe!!
* * * LOW HITPOINT WARNING * * *
Unknown command.
Okay, then.
You feel very mighty all of a sudden. You block the orc warlord's attack.
The orc warrior hits you but does no damage.
Unknown command.
The orc warlord blocks your attack.
The orc warlord is heavily wounded.
You barely miss the orc warrior.
Your transformation is almost over.
A hobgoblin comes into view. It is wielding a +0 war axe.
The orc warlord hits you with a +3 long sword of holy wrath!!
You die...
Your body crumbles into a pile of gold.

##.........###o. ##
#..........8##.o $$#
#..........8#go $ #
#∩....⌠.....'.. $$#
#..........8# $ #
#.....$.goo8# $$#
#....ogoo.### ##
###..goo###.### ###.
###o#♣#.....###
###...
###.........###....)
#...........#.....)
#...........#....).
#.....⌠.....#.....⌠
#........)..'......
#...........#......
##.........###.....
###.....### ###...


You could see an orc warlord, 4 orc warriors, a gnoll, 2 orcs and 3 hobgoblins.

Vanquished Creatures
  9 orc warriors (Bailey)
  A centaur (D:5)
  2 bullfrogs (Sewer)
  Blork the orc (D:5)
  A crimson imp (D:4)
  A bullfrog zombie (D:5)
  A centaur zombie (D:4)
  3 hounds
  2 orc wizards
  An orc priest (D:3)
  An iguana (D:4)
  Robin (D:2)
  11 gnolls (Bailey)
  A howler monkey skeleton (D:5)
  13 adders
  An ooze (D:3)
  4 adder skeletons
  4 worms
  2 dart slugs
  4 leopard geckos
  8 orcs
  5 ball pythons
  8 bats
  10 giant cockroaches
  22 hobgoblins
  4 jackals
  7 kobolds
  2 quokkas
  10 frilled lizards
  37 goblins
  A leopard gecko skeleton (D:4)
  A quokka skeleton (D:3)
  11 rats
190 creatures vanquished.

Notes
Turn   | Place    | Note
-------+----------+-------------------------------------------
     0 | D:1      | MajorAdolf the Naga Wanderer began the quest for the Orb.
     0 | D:1      | MajorAdolf set off with the following items: a +0 shortbow,
                  | a +2 scale mail, 21 arrows, a potion of lignification, a
                  | ration
     0 | D:1      | Reached XP level 1. HP: 18/18 MP: 1/1
   335 | D:1      | Reached XP level 2. HP: 26/26 MP: 2/2
   991 | D:2      | Reached XP level 3. HP: 31/33 MP: 3/3
  1017 | D:2      | Noticed Robin
  1028 | D:2      | Killed Robin
  1135 | D:2      | Found a stormy altar of Qazlal.
  1176 | D:2      | Reached XP level 4. HP: 18/44 MP: 4/4
  1763 | D:2      | Found a snail-covered altar of Cheibriados.
  1884 | D:2      | Found a hazy altar of Hepliaklqana.
  2454 | D:3      | Reached XP level 5. HP: 43/51 MP: 5/5
  2955 | D:3      | Found an opulent altar of Gozag.
  3147 | D:3      | Became a worshipper of Gozag Ym Sagoz the Greedy
  3436 | D:4      | Reached skill level 5 in Fighting
  3576 | D:4      | Found a glowing drain.
  3586 | Sewer    | Entered a sewer
  3598 | Sewer    | Reached XP level 6. HP: 58/62 MP: 6/6
  4038 | Sewer    | Found the brooch of Shielding {Spirit SH+8}
  4207 | D:4      | Reached XP level 7. HP: 70/72 MP: 7/7
  4257 | D:4      | Found a sparkling altar of Nemelex Xobeh.
  4431 | D:4      | Found Umpic's Gadget Boutique.
  4436 | D:4      | Bought a wand of iceblast (11) for 165 gold pieces
  4827 | D:4      | Reached skill level 2 in Axes
  5231 | D:5      | Entered Level 5 of the Dungeon
  5255 | D:5      | Reached skill level 3 in Axes
  5354 | D:5      | Noticed Blork the orc
  5371 | D:5      | Killed Blork the orc
  5371 | D:5      | Reached skill level 4 in Axes
  5791 | D:5      | Found a sacrificial altar of Ru.
  5828 | D:5      | Reached skill level 5 in Axes
  5867 | D:5      | Reached XP level 8. HP: 77/80 MP: 8/8
  6109 | D:6      | You fall into a shaft and drop 1 floor!
  6109 | D:7      | Found a flagged portal.
  6116 | Bailey   | Entered a bailey
  6235 | Bailey   | Reached skill level 6 in Axes
  6578 | Bailey   | Reached skill level 7 in Axes
  6859 | Bailey   | Reached skill level 8 in Axes
  6985 | Bailey   | Reached XP level 9. HP: 86/86 MP: 9/9
  7006 | Bailey   | Noticed an orc warlord
  7019 | Bailey   | Reached skill level 9 in Axes
  7048 | Bailey   | HP: 2/129 [orc warrior/+0 war axe (17)]
  7050 | Bailey   | Demolished by an orc warlord

Illustrated notes

Levels and vault maps discovered:
D:1:      lightli_arrival_flooded_house, layout_loops_corners
D:2:      layout_basic, grunt_qazlal_clouds, overflow_temple_1_default,
          cheibriados_altar_1, uniq_robin
D:3:      layout_loops_corners, nicolae_gozag_cash_rules_everything_around_me,
          serial_rivers, chequers_serial_rivers_small_3,
          chequers_serial_rivers_micro_a, chequers_serial_rivers_micro_d,
          chequers_serial_rivers_micro_e
D:4:      layout_loops_cross, nicolae_overflow_crystal_walls, serial_shops,
          shop, portal_sewer_entry_b, first_ration
D:5:      layout_loops_ring, nicolae_ru_great_annihilating_truth,
          uniq_blork_the_orc
D:6:      kennysheep_big_flooded_room, layout_loops_corners,
          nicolae_overflow_hidden_temple, minmay_misc_feat_tiny
D:7:      layout_rooms, minmay_temple_entry_mist, enter_bailey_2, serial_shops,
          nicolae_shop_behind_doors
Bailey:   bailey_axe_minmay_hex_keep, bailey

Skill      XL: |  1  2  3  4  5  6  7  8  9 |
---------------+----------------------------+-----
Fighting       | 2 3 4 5 7 |  7.0
Axes           | 5 8 9 |  9.2
Maces & Flails | |  1.0
Armour         | |  4.1
Stealth        | |  1.5
Evocations     | |  1.0

Action                   |  1- 3 |  4- 6 |  7- 9 || total
-------------------------+-------+-------+-------++-------
Melee: Hand axe          |       |       |   526 ||   526
 Fire: Shortbow          |   103 |   234 |    11 ||   348
 Abil: Spit Poison       |     3 |    23 |     4 ||    30
  Use: Scroll            |       |     6 |     1 ||     7
       Potion            |       |     3 |     7 ||    10
 Stab: Paralysed         |       |       |     1 ||     1
  Eat: Chunk             |       |     6 |       ||     6
       Ration            |       |     1 |     3 ||     4
Armor: Scale mail        |    38 |   179 |   203 ||   420
       Skin              |       |    57 |    18 ||    75
Dodge: Dodged            |    21 |   129 |   111 ||   261
Block: Other             |       |     3 |   188 ||   191
